 Dungeon Crawl Stone Soup version 0.18.1-8-gdd0e5ea (webtiles) character file.

26 Enroth the Insei (level 2, -7/22 HPs)
             Began as a Demigod Transmuter on June 2, 2016.
             Mangled by Sigmund
             ... wielding a +0 scythe
              (9 damage)
             ... on level 2 of the Dungeon.
             The game lasted 00:03:05 (1057 turns).

Enroth the Insei (Demigod Transmuter)               Turns: 1057, Time: 00:03:05

Health: -7/22      AC:  2    Str: 13    XL:     2   Next: 69%
Magic:  7/7        EV: 12    Int: 17    God:
Gold:   20         SH:  4    Dex: 16    Spells: 1 memorised, 4 levels left

rFire  . . .     SeeInvis .       - Unarmed
rCold  . . .     Gourm    .     b - +0 robe
rNeg   . . .     Faith    .     j - +1 buckler
rPois  +         Spirit   .     (no helmet)
rElec  .         Dismiss  .     (no cloak)
rCorr  .         Reflect  .     (no gloves)
SustAt +         Harm     .     (no boots)
MR     .....                    (no amulet)
Stlth  +.........               (no ring)
                                f - ring of poison resistance

@: not resistant to hostile enchantments, very unstealthy
A: high mp 1, sustain attributes
a: no special abilities


You were on level 2 of the Dungeon.
You were hungry.

You visited 1 branch of the dungeon, and saw 2 of its levels.

You collected 20 gold pieces.

Inventory:

Missiles
 a - 26 arrows
Armour
 b - a +0 robe (worn)
 j - a +1 buckler (worn)
Jewellery
 f - a ring of poison resistance (left hand)
Scrolls
 h - a scroll of remove curse
 l - a scroll of amnesia {unknown}
Books
 c - a book of Changes

   Spells                             Type                      Level
   a - Beastly Appendage              Transmutation                1
   b - Sticks to Snakes               Transmutation                2
   c - Spider Form                    Transmutation/Poison         3
   d - Ice Form                       Ice/Transmutation            4
   e - Blade Hands                    Transmutation                5
Comestibles
 d - a bread ration
 i - a meat ration


   Skills:
 + Level 0.8 Fighting
 + Level 2.0 Dodging
 + Level 3.1 Unarmed Combat
 + Level 2.0 Spellcasting
 + Level 2.2 Transmutations


You had 4 spell levels left.
You knew the following spells:

 Your Spells              Type           Power        Failure   Level  Hunger
a - Beastly Appendage     Trmt           #.....       14%         1    #......


Dungeon Overview and Level Annotations

Branches:
Dungeon (2/15)

Annotations:
D:2 Sigmund


Innate Abilities, Weirdness & Mutations

You have an increased reservoir of magic (+10% MP).
Your attributes are resistant to harm.


Message History

Sigmund hits you from afar with a scythe!
* * * LOW HITPOINT WARNING * * *
Read which item? (? for menu, Esc to quit)
As you read the scroll labeled WOEZUB VISURY, it crumbles to dust.
It is a scroll of enchant armour.
Enchant which item? (? for menu, Esc to quit)
Your +0 buckler glows green for a moment.
The kobold barely misses you.
Read which item? (? for menu, Esc to quit)
As you read the scroll labeled RULINNURAO, it crumbles to dust.
It is a scroll of identify.
Identify which item? (\ to view known items) (? for menu, Esc to quit)
h - a scroll of remove curse Sigmund closely misses you.
Read which item? (? for menu, Esc to quit)
As you read the scroll labeled WYCYOWN AKHLYJA, it crumbles to dust.
The dust glows pulsating copper!
It was a scroll of random uselessness.
The kobold hits you but does no damage.
Sigmund hits you from afar with a scythe!
You die...

#.......... .....
###.......... ...#
#.(........#####..#
#####(...#####...<.....
#.........# ###.......
#.........# #)......
#...@.....# #.......
#.........# ..........
#....K@...# .#####....
###.####### # #.... #.#
...####.... #.# .P.
#...... #.# ).. #......
#.## #.# #)..... #..#
#.# #...... ##.#####
##.########.
#.#...###...###...#.


You could see Sigmund and a kobold.

Vanquished Creatures
  A dart slug (D:1)
  A ball python (D:1)
  2 giant cockroaches
  5 goblins
  3 hobgoblins (D:1)
  A kobold (D:1)
  A quokka (D:1)
  2 bats
  3 giant newts (D:1)
  2 rats
21 creatures vanquished.

Notes
Turn   | Place    | Note
--------------------------------------------------------------
     0 | D:1      | Enroth the Demigod Transmuter began the quest for the Orb.
     0 | D:1      | Reached XP level 1. HP: 15/15 MP: 5/5
    54 | D:1      | Reached skill level 3 in Unarmed Combat
   170 | D:1      | Reached XP level 2. HP: 10/22 MP: 5/7
   994 | D:2      | Found a white marble altar of Elyvilon.
  1031 | D:2      | Noticed Sigmund
  1057 | D:2      | Mangled by Sigmund

Skill      XL: |  1  2 |
---------------+-------+-----
Unarmed Combat | 3 |  3.1
Transmutations | 2 |  2.2
Dodging        | 2 |  2.0
Spellcasting   | 2 |  2.0
Fighting       | |  0.8

Action                   || total
-------------------------++-------
Melee: Unarmed           ||    67
       Kick              ||     5
       Headbutt          ||     6
 Cast: Beastly Appendage ||    17
  Use: Scroll            ||     3
Armor: Robe              ||     9
Dodge: Dodged            ||    53
Block: Buckler           ||     7
